 Dungeon Crawl Stone Soup version coffee-0.2.0 (webtiles) character file.

Game seed: 2983664121963234150, levelgen mode: deterministic

4276 Dorkslayer the Carver (level 10, -1/75 HPs)
             Began as a Human Fighter on Sept 20, 2020.
             Was a High Priest of Okawaru.
             Slain by an ice beast (4 damage)
             ... on level 7 of the Dungeon.
             The game lasted 00:22:09 (5306 turns).

Dorkslayer the Carver (Human Fighter)               Turns: 5306, Time: 00:22:10

Health: -1/75      AC: 20    Str: 21    XL:     10   Next: 57%
Magic:  14/14      EV:  4    Int:  8    God:    Okawaru [*****.]
Gold:   1659       SH: 11    Dex: 12    Spells: 9/9 levels left

rFire    + . .     SeeInvis .   e - +1 double sword (flame) (curse)
rCold    + . .     Gourm    .   c - +0 kite shield
rNeg     . . .     Faith    +   F - +1 gold dragon scales (curse)
rPois    +         Spirit   .   (no helmet)
rElec    .         Reflect  .   d - +0 cloak
rCorr    .         Harm     .   (no gloves)
MR       +....                  k - +0 pair of boots
Stlth    ..........             p - amulet of faith
HPRegen  0.22/turn              E - ring of protection from magic
MPRegen  0.14/turn              v - ring of poison resistance

@: no status effects
A: no striking features
a: Heroism, Finesse, Renounce Religion


You were on level 7 of the Dungeon.
You worshipped Okawaru.
Okawaru was extremely pleased with you.
You were not hungry.

You visited 2 branches of the dungeon, and saw 8 of its levels.

You collected 1659 gold pieces.

Inventory:

Hand Weapons
 e - a cursed +1 double sword of flaming (weapon)
Missiles
 h - 7 boomerangs (quivered)
 s - 2 throwing nets
 w - 4 curare-tipped darts
Armour
 c - a +0 kite shield (worn)
 d - a +0 cloak (worn)
 k - a +0 pair of boots (worn)
 F - cursed +1 gold dragon scales (worn)
Jewellery
 g - an uncursed ring of magical power
 m - an uncursed ring of flight
 p - an amulet of faith (around neck)
 v - a ring of poison resistance (right hand)
 E - a ring of protection from magic (left hand)
Wands
 i - a wand of flame (19)
Scrolls
 l - a scroll of silence
 n - 5 scrolls of teleportation
 o - 3 scrolls of remove curse
 t - a scroll of immolation
 y - 2 scrolls of amnesia
 A - 2 scrolls of brand weapon
 C - a scroll of blinking
Potions
 a - a potion of flight
 z - a potion of stabbing
Miscellaneous
 B - a tin of tremorstones
 D - a lamp of fire
Comestibles
 f - 13 rations
 x - a chunk of flesh


   Skills:
 + Level 5.6(8.0) Fighting
 + Level 8.8 Long Blades
 + Level 2.4 Throwing
 * Level 5.9(8.1) Armour
 + Level 2.4(6.9) Dodging
 + Level 5.7(8.0) Shields
 * Level 5.1(6.4) Invocations
 * Level 5.5(6.3) Evocations


You had 9 spell levels left.
You didn't know any spells.
Your spell library contained the following spells:

 Spells                   Type           Power        Failure   Level  Hunger
 Corona                   Hex            #......      100%        1    #......
 Magic Dart               Conj           #...         100%        1    #......
 Sandblast                Erth           #.....       100%        1    #......
 Blink                    Tloc           N/A          100%        2    ##.....
 Call Imp                 Summ           #.......     100%        2    ##.....
 Ensorcelled Hibernation  Hex/Ice        #.....       100%        2    ##.....
 Passwall                 Tmut/Erth      #.......     100%        2    ##.....
 Slow                     Hex            #.......     100%        2    ##.....
 Confusing Touch          Hex            #.......     100%        3    ###....
 Conjure Flame            Conj/Fire      #.......     100%        3    ###....
 Dazzling Flash           Conj/Hex       #.....       100%        3    ###....
 Gell's Gravitas          Tloc           #.........   100%        3    ###....
 Mephitic Cloud           Conj/Pois/Air  #.......     100%        3    ###....
 Stone Arrow              Conj/Erth      #.....       100%        3    ###....
 Tukima's Dance           Hex            #.......     100%        3    ###....
 Petrify                  Tmut/Erth      #.......     100%        4    #####..
 Lee's Rapid Deconstruct  Erth           #.........   100%        5    ######.
 Metabolic Englaciation   Hex/Ice        #.........   100%        5    ######.
 Yara's Violent Unravell  Hex/Tmut       #.........   100%        5    ######.


Dungeon Overview and Level Annotations

Branches:
Dungeon (7/10)             Temple (1/1) D:2

Altars:
Ashenzari
Cheibriados
Elyvilon
Fedhas
Hepliaklqana
Kikubaaqudgha
Nemelex Xobeh
Okawaru
Qazlal
Ru
Sif Muna
Trog
Wu Jian
Xom
Yredelemnul
Zin
The Shining One

Annotations:
D:7 1 transporter


Message History

The ice beast hits you but does no damage.
You hit the ice beast but do no damage.
The ice beast is heavily wounded.
The ice beast hits you but does no damage.
Some of the chunks of flesh in your inventory have rotted away.
You slash the ice beast!
You melt the ice beast.
The ice beast is almost dead.
The ice beast hits you.
* * * LOW HITPOINT WARNING * * *
The ice beast freezes you. You resist.
* * * LOW HITPOINT WARNING * * *
You hit the ice beast but do no damage.
The ice beast is almost dead.
You block the ice beast's attack.
Your gold dragon scales prevents you from hitting the ice beast.
The ice beast is almost dead.
The ice beast hits you.
* * * LOW HITPOINT WARNING * * *
The ice beast freezes you. You resist.
You die...

#...............# #.#....
..#####.©.#####..# #.#.###
##...#####...##..## #......
##..#...©.†(#..##..# #.#.###
#....[#..(#.....#..###.###
#.#.#.#.#.#.#.#.#.#........#
#.#...#########...#..#####.#
.###.##...#.#.#.#...##..# .#
......#.#......Y@.#.#...#
##+##.
.##...#...#.#.#)#...#...#
.....#
##..#..#########..#...###......
#.##.##...#...##.##[........
#.#..#..#...#..#.©#..#...... #
#...............#..##.####
####+#######+####.....# #⌠$
#.©.# |.⌠#......# #)?
#...#|$=##.#.##.######


You could see an ice beast.

Vanquished Creatures
  An unseen horror (D:7)
  A hydra (D:7)
  A cyclops (D:7)
  A hippogriff (D:7)
  A wraith (D:7)
  Menkaure (D:4)
  2 black bears (D:6)
  A phantom (D:5)
  An ogre (D:6)
  3 centaurs
  A wyvern zombie (D:7)
  3 bullfrogs
  A water moccasin zombie (D:6)
  3 scorpions
  A howler monkey (D:6)
  3 centaur zombies
  A quasit (D:7)
  A jelly (D:6)
  2 bullfrog zombies
  3 bullfrog skeletons
  3 centaur skeletons
  2 orc priests
  4 hounds
  10 orc wizards
  3 iguanas
  6 worker ants
  A killer bee zombie (D:5)
  A centaur simulacrum (D:7)
  A hound zombie (D:5)
  A howler monkey zombie (D:7)
  13 adders
  4 gnolls (D:4)
  A shadow imp (D:5)
  An ooze (D:1)
  3 worms
  2 dart slugs (D:1)
  A leopard gecko (D:2)
  17 orcs
  5 bats
  5 giant cockroaches
  15 goblins
  16 hobgoblins
  8 jackals
  9 kobolds
  2 quokkas (D:3)
  2 frilled lizards (D:1)
  11 rats
179 creatures vanquished.

Notes
Turn   | Place    | Note
-------+----------+-------------------------------------------
     0 | D:1      | Dorkslayer the Human Fighter began the quest for the Orb.
     0 | D:1      | Reached XP level 1. HP: 18/18 MP: 1/1
   121 | D:1      | Reached XP level 2. HP: 24/24 MP: 2/2
   324 | D:1      | Reached XP level 3. HP: 24/29 MP: 3/3
   779 | D:2      | Reached XP level 4. HP: 18/35 MP: 4/4
  1154 | D:2      | Reached skill level 1 in Dodging
  1219 | D:2      | Reached skill level 3 in Long Blades
  1245 | D:2      | Reached skill level 1 in Evocations
  1512 | D:2      | Reached skill level 1 in Throwing
  1512 | D:2      | Reached XP level 5. HP: 41/41 MP: 5/5
  1761 | D:2      | Found a staircase to the Ecumenical Temple.
  1780 | Temple   | Entered the Ecumenical Temple
  1821 | Temple   | Became a worshipper of Warmaster Okawaru
  2420 | D:3      | Reached XP level 6. HP: 46/47 MP: 7/7
  2755 | D:4      | Noticed Menkaure
  2763 | D:4      | Reached skill level 4 in Long Blades
  2766 | D:4      | Killed Menkaure
  2766 | D:4      | Reached * piety under Okawaru
  2766 | D:4      | Reached XP level 7. HP: 42/52 MP: 8/8
  2975 | D:4      | Reached skill level 1 in Invocations
  3057 | D:4      | Reached skill level 5 in Long Blades
  3623 | D:4      | Reached XP level 8. HP: 58/60 MP: 9/9
  3724 | D:4      | Found an ancient bone altar of Kikubaaqudgha.
  3725 | D:4      | Found a white marble altar of Elyvilon.
  3858 | D:5      | Entered Level 5 of the Dungeon
  3900 | D:5      | Reached ** piety under Okawaru
  4049 | D:5      | Reached skill level 6 in Long Blades
  4076 | D:5      | Found a shimmering blue altar of Sif Muna.
  4442 | D:6      | Reached *** piety under Okawaru
  4442 | D:6      | Reached XP level 9. HP: 62/65 MP: 11/11
  4472 | D:6      | Reached skill level 7 in Long Blades
  4726 | D:6      | Reached **** piety under Okawaru
  5029 | D:7      | Noticed a hippogriff
  5038 | D:7      | Killed a hippogriff
  5068 | D:7      | Reached skill level 5 in Fighting
  5068 | D:7      | Reached skill level 8 in Long Blades
  5118 | D:7      | Found a transporter.
  5123 | D:7      | Noticed an eight-headed hydra
  5162 | D:7      | Found a transporter.
  5201 | D:7      | Noticed a cyclops
  5215 | D:7      | Killed a three-headed hydra
  5215 | D:7      | Reached ***** piety under Okawaru
  5215 | D:7      | Reached skill level 5 in Armour
  5215 | D:7      | Reached skill level 5 in Shields
  5215 | D:7      | Reached skill level 5 in Evocations
  5215 | D:7      | Reached XP level 10. HP: 14/74 MP: 11/13
  5234 | D:7      | Killed a cyclops
  5294 | D:7      | Killed an unseen horror
  5294 | D:7      | Received a gift from Okawaru
  5294 | D:7      | Reached skill level 5 in Invocations
  5304 | D:7      | HP: 3/75 [ice beast (5)]
  5306 | D:7      | Slain by an ice beast

Levels and vault maps discovered:
D:1:      co_arrival_random_square_maze, layout_loops_ring
D:2:      layout_basic, minmay_temple_entry_arrows, serial_corexii_hall,
          chequers_hall_statues_corner_a, chequers_hall_statues_corner_a,
          chequers_hall_statues_y
D:3:      layout_loops_ring, first_ration
D:4:      layout_loops_corners, gammafunk_temple_overflow_statue,
          dk_noncrumbling_4, uniq_menkaure
D:5:      layout_rooms, led_sif_pool
D:6:      layout_rooms
D:7:      gammafunk_the_bubble [the_bubble_gammafunk_split], layout_basic,
          serial_shops, nicolae_shop_window_shopping, fedhas_altar_decomposition
Temple:   eino_temple_lava

Skill      XL: |  1  2  3  4  5  6  7  8  9 10 |
---------------+-------------------------------+-----
Dodging        | 1 2 |  2.4
Long Blades    | 3 4 5 6 8 |  8.8
Evocations     | 1 2 3 5 |  5.5
Throwing       | 1 2 |  2.4
Invocations    | 1 2 4 5 |  5.1
Armour         | 4 5 |  5.9
Fighting       | 4 5 |  5.6
Shields        | 4 5 |  5.7

Action                   |  1- 3 |  4- 6 |  7- 9 | 10-12 || total
-------------------------+-------+-------+-------+-------++-------
Melee: Double sword      |    78 |   137 |   270 |    40 ||   525
       Long sword        |     2 |       |       |       ||     2
Throw: Boomerang         |       |     4 |    15 |     6 ||    25
Invok: Heroism           |       |       |     1 |     1 ||     2
       Finesse           |       |       |       |     1 ||     1
  Use: Scroll            |       |     3 |     1 |     1 ||     5
       Potion            |       |     1 |     1 |     4 ||     6
 Stab: Sleeping          |       |     1 |       |       ||     1
  Eat: Ration            |       |     1 |     1 |       ||     2
       Chunk             |       |     3 |     5 |       ||     8
Armor: Scale mail        |    32 |    46 |       |       ||    78
       Chain mail        |       |    11 |    91 |       ||   102
       Gold dragon scale |       |       |    74 |    33 ||   107
Dodge: Dodged            |    26 |    49 |    98 |    13 ||   186
Block: Kite shield       |    47 |    73 |   172 |    22 ||   314
       Rpst.: Double sword |    11 |    19 |    23 |       ||    53
